[Event "Titled Tuesday Blitz November 14 Early 2023"]
[White "Sattarov, Bobir"]
[Black "Bilan, Danila"]
[WhiteFideId "14203081"]
[BlackFideId "24161918"]
[WhiteElo "2744"]
[BlackElo "2558"]
[Result "1-0"]
[Round "6"]
[TimeControl "180+1"]
[Date "2023.11.14"]
[WhiteClock "0:00:03"]
[BlackClock "0:00:00"]
[Board "58"]

1. e4 c6 2. c4 d5 3. exd5 Nf6 4. d4 cxd5 5. Nc3 Nc6 6. Bg5 e6 7. Nf3 Be7 8. Bd3 Nb4 9. Bxf6 Nxd3+ 10. Qxd3 Bxf6 11. cxd5 exd5 12. Qb5+ Bd7 13. Qxd5 O-O 14. O-O Bc6 15. Qf5 Bxf3 16. Qxf3 Qxd4 17. Nd5 Rfd8 18. Rfd1 Qxb2 19. Rab1 Qe5 20. Rxb7 Rab8 21. Rxb8 Rxb8 22. g3 Bd8 23. Ne3 g6 24. Rd7 Qf6 25. Qxf6 Bxf6 26. Rxa7 Rb2 27. Ra4 h5 28. Kf1 Be7 29. Ra5 Bf6 30. Nc4 Rc2 31. Ne3 Rb2 32. Nd1 Rd2 33. Ke1 Rc2 34. Ra4 Be7 35. Ne3 Rb2 36. h4 Bb4+ 37. Kf1 Bc5 38. Nd1 Rd2 39. Ke1 Rc2 40. Ra8+ Kg7 41. a4 Ra2 42. f3 f5 43. Ra6 Kh6 44. Kf1 Kg7 45. Ke1 Kh6 46. Rc6 Bb4+ 47. Kf1 Rxa4 48. Ne3 Ra1+ 49. Ke2 Ra2+ 50. Kd1 Kg7 51. Rc7+ Kh6 52. Rc6 Rd2+ 53. Kc1 Kg7 54. Nc4 Rf2 55. Ne5 Bd2+ 56. Kd1 Be3 57. Rxg6+ Kh7 58. f4 Rg2 59. Rg5 Bf2 60. Rxh5+ Kg7 61. Rg5+ Kf6 62. Rg6+ Ke7 63. h5 Rxg3 64. h6 Rxg6 65. Nxg6+ Kf6 66. h7 1-0


[Site "https://www.chess.com"]

[Event "Titled Tuesday Blitz November 14 Early 2023"]
[White "Pham, Le Thao Nguyen"]
[Black "Aradhya, Garg"]
[WhiteFideId "12401226"]
[BlackFideId "25006746"]
[WhiteElo "2553"]
[BlackElo "2738"]
[Result "0-1"]
[Round "6"]
[TimeControl "180+1"]
[Date "2023.11.14"]
[WhiteClock "0:00:04"]
[BlackClock "0:00:35"]
[Board "59"]

1. d4 d5 2. c4 e6 3. Nc3 Nf6 4. Bg5 Be7 5. e3 h6 6. Bh4 O-O 7. Nf3 dxc4 8. Bxc4 c5 9. O-O cxd4 10. Nxd4 Bd7 11. Qb3 Nc6 12. Qxb7 Na5 13. Qa6 Bc8 14. Qb5 a6 15. Qa4 Bd7 16. Qc2 Nxc4 17. Rfd1 Nd6 18. Qe2 Qb6 19. e4 Nb5 20. Nf3 Nxc3 21. bxc3 Bc6 22. Nd4 Rfe8 23. e5 Nd5 24. Bxe7 Nxc3 25. Qc4 Nxd1 26. Nxc6 Qxf2+ 0-1


[Site "https://www.chess.com"]

[Event "Titled Tuesday Blitz November 14 Early 2023"]
[White "Lima, Kleyton Alcantara"]
[Black "Hayrapetyan, Hovik"]
[WhiteFideId "22718397"]
[BlackFideId "13302639"]
[WhiteElo "2553"]
[BlackElo "2735"]
[Result "1-0"]
[Round "6"]
[TimeControl "180+1"]
[Date "2023.11.14"]
[WhiteClock "0:00:13"]
[BlackClock "0:00:00"]
[Board "60"]

1. e4 c5 2. Nf3 d6 3. d4 cxd4 4. Nxd4 Nf6 5. Nc3 a6 6. Bg5 Nbd7 7. Qe2 h6 8. Bh4 g6 9. f4 e5 10. fxe5 dxe5 11. O-O-O Qc7 12. Nb3 b5 13. Nd5 Nxd5 14. exd5 Bd6 15. Qd2 Nc5 16. Nxc5 Qxc5 17. Bf6 Be7 18. Bxe7 Qxe7 19. d6 Qg5 20. Re1 Qxd2+ 21. Kxd2 f6 22. Bd3 Kf7 23. Rhf1 Kg7 24. a4 Rd8 25. axb5 Rxd6 26. bxa6 Bxa6 27. Ke3 Bxd3 28. cxd3 Rb8 29. Re2 Rb3 30. Rd2 f5 31. Ke2 Kf6 32. Rc1 Rdb6 33. Rcc2 g5 34. g3 f4 35. Kf3 h5 36. gxf4 gxf4 37. Ke4 R6b4+ 38. d4 Re3+ 39. Kd5 e4 40. Rc6+ Kf5 41. Rc8 f3 42. Rf8+ Kg4 43. Ke5 Rd3 44. Rf4+ Kg5 45. h4+ Kg6 46. Rxd3 exd3 47. Rxf3 Rb3 48. Rg3+ Kf7 49. Rg2 1-0


[Site "https://www.chess.com"]

[Event "Titled Tuesday Blitz November 14 Early 2023"]
[White "De Silva, L M S T"]
[Black "ChainedDowntohell"]
[WhiteFideId "9953698"]
[WhiteElo "2721"]
[BlackElo "2552"]
[Result "1-0"]
[Round "6"]
[TimeControl "180+1"]
[Date "2023.11.14"]
[WhiteClock "0:00:36"]
[BlackClock "0:00:00"]
[Board "61"]

1. c4 e5 2. Nc3 Nc6 3. Nf3 f5 4. g3 e4 5. Nh4 g6 6. d3 Nf6 7. Bg2 Bb4 8. O-O O-O 9. Bg5 Re8 10. Nd5 Be7 11. Nxe7+ Qxe7 12. dxe4 fxe4 13. f4 exf3 14. Rxf3 Qc5+ 15. Kh1 Qxg5 16. Qf1 Kg7 17. Qf2 Ne5 18. Rf4 d6 19. Rf1 Neg4 20. Qd4 Qe5 21. Qd2 Rf8 22. h3 Ne3 23. R1f3 Nxg2 24. Kxg2 Bd7 25. Re3 Bc6+ 26. Nf3 Qc5 27. Qc3 Kg8 28. b4 Qb6 29. c5 dxc5 30. Rxf6 Rxf6 31. Qxf6 Bxf3+ 32. Qxf3 cxb4 33. Qd5+ Kh8 34. Re6 Qa5 35. Qxa5 1-0


[Site "https://www.chess.com"]

[Event "Titled Tuesday Blitz November 14 Early 2023"]
[White "Halkias, Stelios"]
[Black "LouieKov2022"]
[WhiteFideId "4201809"]
[WhiteElo "2720"]
[BlackElo "2551"]
[Result "1-0"]
[Round "6"]
[TimeControl "180+1"]
[Date "2023.11.14"]
[WhiteClock "0:00:49"]
[BlackClock "0:00:00"]
[Board "62"]

1. Nf3 Nf6 2. c4 c6 3. d4 d5 4. Nc3 e6 5. g3 Nbd7 6. Bg2 Be7 7. O-O dxc4 8. a4 Nd5 9. Nd2 b6 10. Nxc4 a5 11. Bd2 Bb7 12. e4 Nb4 13. Qg4 Nf6 14. Qe2 O-O 15. e5 Nfd5 16. Ne4 Nc2 17. Rad1 Nxd4 18. Qd3 c5 19. Ned6 Bc6 20. b3 Qc7 21. Be3 Nb4 22. Qd2 Nxb3 23. Qc3 Bxg2 24. Kxg2 Nd4 25. Bxd4 cxd4 26. Rxd4 Rad8 27. Rfd1 Qc6+ 28. Ne4 Nd5 29. Qf3 Nb4 30. Ncd6 Qxa4 31. Nf6+ 1-0


[Site "https://www.chess.com"]

[Event "Titled Tuesday Blitz November 14 Early 2023"]
[White "Grunberg, Mihai-Lucian"]
[Black "Krivonosov, Oleg"]
[WhiteFideId "1204149"]
[BlackFideId "11600349"]
[WhiteElo "2551"]
[BlackElo "2716"]
[Result "1/2-1/2"]
[Round "6"]
[TimeControl "180+1"]
[Date "2023.11.14"]
[WhiteClock "0:00:38"]
[BlackClock "0:00:16"]
[Board "63"]

1. Nf3 d5 2. c4 e6 3. g3 Nf6 4. Bg2 Be7 5. O-O O-O 6. d4 Nbd7 7. Nc3 c6 8. b3 b6 9. Qc2 Ba6 10. e4 dxc4 11. Qe2 b5 12. bxc4 bxc4 13. Nd2 Nb6 14. Nf3 c5 15. Rd1 Qc8 16. Ba3 Re8 17. Ne5 cxd4 18. Bxe7 Rxe7 19. Rxd4 Qc5 20. Nf3 e5 21. Rd2 Rd7 22. Rc1 Rad8 23. h4 h6 24. Bh3 Rxd2 25. Nxd2 Rd3 26. Nf1 Qd4 27. Qc2 Nxe4 28. Nxe4 Qxe4 29. Bg2 Qd4 30. Ne3 Rd2 31. Qb1 Bc8 32. Qb5 Bd7 33. Qa6 Qb2 34. Rf1 c3 35. Be4 g6 36. Qb7 Be6 37. Qb8+ Kh7 38. Qxe5 Nc4 39. Bxg6+ Kxg6 40. Qe4+ Kg7 41. Nxc4 Bxc4 42. Qxc4 c2 43. Qg4+ Kf8 44. Qc8+ Kg7 45. Qg4+ Kf8 46. Qc8+ Kg7 47. Qg4+ 1/2-1/2


[Site "https://www.chess.com"]

[Event "Titled Tuesday Blitz November 14 Early 2023"]
[White "Santos Flores, Alberto"]
[Black "Borsuk, Konstantin"]
[WhiteFideId "3601234"]
[BlackFideId "14113406"]
[WhiteElo "2550"]
[BlackElo "2710"]
[Result "0-1"]
[Round "6"]
[TimeControl "180+1"]
[Date "2023.11.14"]
[WhiteClock "0:00:00"]
[BlackClock "0:00:03"]
[Board "64"]

1. e4 e6 2. d4 d5 3. Nc3 Bb4 4. e5 b6 5. Qg4 Bf8 6. Nce2 Ne7 7. c3 Ba6 8. Nf3 Qd7 9. h4 c5 10. Be3 Nf5 11. Ng3 Bxf1 12. Kxf1 Nxe3+ 13. fxe3 Nc6 14. Kg1 h6 15. Rf1 O-O-O 16. Nh5 Kb8 17. Rh3 Ne7 18. Nd2 Nf5 19. Qf4 Qb5 20. g4 Qxb2 21. Rf2 g5 22. hxg5 hxg5 23. Qxg5 Be7 24. Qf4 Rhg8 25. Nf6 Bxf6 26. exf6+ Nd6 27. Nc4 e5 28. dxe5 Qxc3 29. Nxd6 Qd3 30. Nxf7 Qd1+ 31. Kh2 Rxg4 32. e6+ Rxf4 33. exf4 Rg8 34. Rg2 Rxg2+ 35. Kxg2 Qe2+ 36. Kg3 Qxe6 37. Ne5 d4 38. f7 Qf6 39. Kf3 Kc7 40. Rg3 d3 41. Ke3 d2 42. Rg1 Qd6 43. Rd1 Qd4+ 44. Kf3 Qd6 45. Rxd2 Qxd2 0-1


[Site "https://www.chess.com"]

[Event "Titled Tuesday Blitz November 14 Early 2023"]
[White "Chinguun, Sumiya"]
[Black "Karas, Marek"]
[WhiteFideId "4902572"]
[BlackFideId "14928558"]
[WhiteElo "2710"]
[BlackElo "2545"]
[Result "0-1"]
[Round "6"]
[TimeControl "180+1"]
[Date "2023.11.14"]
[WhiteClock "0:00:23"]
[BlackClock "0:00:06"]
[Board "65"]

1. e4 e6 2. d4 d5 3. Nc3 Nf6 4. e5 Nfd7 5. Nf3 c5 6. Be2 cxd4 7. Qxd4 Nc6 8. Qf4 Bb4 9. O-O Bxc3 10. bxc3 Qc7 11. Qg3 Rg8 12. Bf4 Nc5 13. Bd3 Nxd3 14. cxd3 Bd7 15. Qh4 h6 16. c4 dxc4 17. dxc4 g5 18. Qg3 O-O-O 19. Be3 Kb8 20. Rab1 Ka8 21. Bc5 Na5 22. Bd6 Qxc4 23. Nd2 Qa6 24. Ne4 Bc6 25. Nc5 Qc4 26. Rfc1 Qd5 27. Bc7 Nc4 28. Bxd8 Rxd8 29. h3 Nxe5 30. Rd1 Qxd1+ 31. Rxd1 Rxd1+ 32. Kh2 Rd5 33. Ne4 Ng6 34. Nf6 Rd8 35. Qc7 Rf8 36. Nh7 Rb8 37. Qxf7 Nf4 38. g3 Nd3 39. Kg1 Ne5 40. Qxe6 Nf3+ 41. Kf1 Re8 42. Qxe8+ Bxe8 43. Ke2 Nd4+ 44. Ke3 Nf5+ 45. Kd2 Bg6 46. Nf6 Kb8 47. Nd5 Kc8 48. g4 Kd7 49. gxf5 Bxf5 50. Ke3 Bxh3 51. Nf6+ Kc6 52. Ng8 h5 53. Nf6 h4 54. Ne4 Be6 55. a3 g4 56. Kf4 h3 57. Kg3 Bc8 58. Kh2 b5 59. Kg3 a5 60. Nd2 b4 61. axb4 axb4 62. f3 gxf3 63. Kxf3 Kb5 64. Nb3 Kc4 65. Nd2+ Kd3 66. Ne4 b3 67. Nc5+ Kc4 68. Na4 Kb4 69. Nb2 Bb7+ 70. Kg3 Bg2 71. Nd3+ Kc3 72. Nc5 b2 73. Na4+ Kb3 74. Nxb2 Kxb2 75. Kf2 Kc3 76. Kg1 Kd4 77. Kf2 Ke5 78. Kg3 Kf5 79. Kh2 Kg4 80. Kg1 Bc6 81. Kh2 Kh4 82. Kg1 Kg3 0-1


[Site "https://www.chess.com"]

[Event "Titled Tuesday Blitz November 14 Early 2023"]
[White "Ben Artzi, Ido"]
[Black "Djokic, Mihailo"]
[WhiteFideId "2810913"]
[BlackFideId "976440"]
[WhiteElo "2545"]
[BlackElo "2707"]
[Result "1-0"]
[Round "6"]
[TimeControl "180+1"]
[Date "2023.11.14"]
[WhiteClock "0:00:10"]
[BlackClock "0:00:01"]
[Board "66"]

1. e4 c5 2. Nf3 d6 3. d4 cxd4 4. Nxd4 Nf6 5. Nc3 g6 6. f3 Bg7 7. Be3 O-O 8. Bc4 Nc6 9. O-O Bd7 10. Qd2 Rc8 11. Bb3 Ne5 12. Rad1 Nc4 13. Bxc4 Rxc4 14. Nb3 a6 15. Bd4 Be6 16. Ne2 Qc7 17. c3 Ra4 18. Ra1 Bc4 19. Rfe1 Rc8 20. Be3 b5 21. Nbc1 Bxe2 22. Nxe2 b4 23. cxb4 Qb7 24. a3 Nd7 25. b3 Bxa1 26. Rxa1 Ne5 27. bxa4 Nc4 28. Qd3 Nb2 29. Qb3 Nc4 30. Rc1 d5 31. exd5 Qxd5 32. Nf4 Qe5 33. Bd2 Qd4+ 34. Be3 Qe5 35. Rxc4 Rxc4 36. Qxc4 Qxe3+ 37. Kf1 Qxa3 38. a5 Kg7 39. Nd5 e5 40. Qc3 Qa2 41. Qxe5+ Kh6 42. Qe3+ Kg7 43. Qd3 Kh6 44. Nc3 Qa3 45. Qe3+ Kg7 46. Nd5 Qa2 47. Qd4+ Kh6 48. h4 f5 49. Ne7 Qe6 50. Qc5 Qb3 51. Kf2 Qb1 52. Qe3+ Kg7 53. Qe5+ Kf7 54. Nd5 Qc2+ 55. Kg3 f4+ 56. Kh2 Qf5 57. Qe7+ Kg8 58. Nf6+ Qxf6 59. Qxf6 1-0


[Site "https://www.chess.com"]

[Event "Titled Tuesday Blitz November 14 Early 2023"]
[White "Yaksin, Oleg"]
[Black "Danielyan, Vahe"]
[WhiteFideId "24105880"]
[BlackFideId "13304828"]
[WhiteElo "2541"]
[BlackElo "2700"]
[Result "1/2-1/2"]
[Round "6"]
[TimeControl "180+1"]
[Date "2023.11.14"]
[WhiteClock "0:00:07"]
[BlackClock "0:00:02"]
[Board "67"]

1. d4 Nf6 2. c4 g6 3. Nf3 Bg7 4. g3 O-O 5. Bg2 d6 6. O-O c6 7. Nc3 Bf5 8. Ne1 e5 9. d5 c5 10. e4 Bg4 11. f3 Bd7 12. Nd3 Na6 13. f4 exf4 14. Bxf4 Qe7 15. e5 dxe5 16. Bxe5 Ng4 17. Bxg7 Kxg7 18. Re1 Qf6 19. Nf4 Rae8 20. Qd2 Qd4+ 21. Qxd4+ cxd4 22. Ne4 Ne3 23. Nd6 Rb8 24. Re2 b5 25. cxb5 Bxb5 26. Nxb5 Rxb5 27. Rd2 g5 28. Ne2 d3 29. Nc3 Rb6 30. Be4 Nc4 31. Rxd3 Rxb2 32. Rd4 Nd6 33. Bf3 Nb4 34. Rb1 Rxb1+ 35. Nxb1 Rb8 36. Nc3 a5 37. h4 h6 38. hxg5 hxg5 39. g4 Rc8 40. Ne4 Rc1+ 41. Kg2 Rc2+ 42. Kg3 Nb5 43. Rd2 Rxd2 44. Nxd2 Nxa2 45. Nc4 a4 46. d6 Kf8 47. Bc6 Nd4 48. Bd5 Nc3 49. Bb7 Ncb5 50. d7 Ke7 51. Ne5 a3 52. Bd5 Nc7 53. Ba2 Nce6 54. Nxf7 Kxd7 55. Ne5+ Kd6 56. Nc4+ Kc5 57. Nxa3 Ne2+ 58. Kf3 N6d4+ 59. Ke3 Nc3 60. Nc4 Nxa2 61. Ne5 Nc3 62. Nf7 Nd5+ 63. Ke4 Ne6 64. Kf5 Ndf4 65. Nxg5 Nxg5 66. Kxg5 Kd5 67. Kf5 Nh3 68. Kf6 Ke4 69. g5 Nxg5 1/2-1/2


[Site "https://www.chess.com"]

[Event "Titled Tuesday Blitz November 14 Early 2023"]
[White "Rozman, Levy"]
[Black "brm72"]
[WhiteFideId "2039877"]
[WhiteElo "2699"]
[BlackElo "2540"]
[Result "1-0"]
[Round "6"]
[TimeControl "180+1"]
[Date "2023.11.14"]
[WhiteClock "0:00:13"]
[BlackClock "0:00:31"]
[Board "68"]

1. e4 c5 2. a3 Nc6 3. b4 e5 4. b5 Nd4 5. c3 Ne6 6. Nf3 d6 7. Bc4 g6 8. d4 cxd4 9. cxd4 exd4 10. O-O Bg7 11. Bb2 Nf6 12. Nxd4 O-O 13. Re1 Qb6 14. a4 Ng4 15. Bxe6 Bxe6 16. h3 Ne5 17. Na3 Rac8 18. Nac2 Nc4 19. Bc3 Rfd8 20. a5 Qc5 21. Nxe6 fxe6 22. Bxg7 Kxg7 23. Qd4+ Ne5 24. Qxc5 Rxc5 25. Nd4 Kf7 26. a6 b6 27. f4 Nd3 28. Red1 Nb2 29. Rdb1 Nc4 30. Nc6 Rd7 31. Rc1 Nd2 32. Rxc5 bxc5 33. b6 axb6 34. a7 Rxa7 35. Rxa7+ Kf6 36. e5+ dxe5 37. fxe5+ Kf5 38. Rxh7 c4 39. Rb7 c3 40. Rxb6 Ke4 41. Nb4 Kxe5 42. Rc6 Kd4 43. Rxe6 Nc4 44. Rxg6 Kc5 45. Nc2 Kd5 46. Rg5+ Ke4 47. Rc5 Kd3 48. h4 Nd6 49. Rd5+ Kxc2 50. Rxd6 Kb2 51. h5 c2 52. Rc6 c1=Q+ 53. Rxc1 Kxc1 54. h6 Kd1 55. h7 Ke1 56. h8=N Ke2 57. Ng6 Ke1 58. Nh4 Ke2 59. g4 Ke3 60. g5 Kf4 61. g6 Ke5 62. g7 Kf4 63. g8=R Ke3 64. Kg2 Kd4 65. Kg3 Ke5 66. Rg4 Kd5 67. Kf3 Ke6 68. Ke4 Kd6 69. Rg5 Ke7 70. Ke5 Kd7 71. Nf3 Ke7 72. Rg7+ Kf8 73. Kf6 Ke8 74. Ne5 Kd8 75. Ke6 Kc8 76. Kd6 Kb8 77. Kc6 Ka8 78. Kb6 Kb8 79. Rg8# 1-0


[Site "https://www.chess.com"]

[Event "Titled Tuesday Blitz November 14 Early 2023"]
[White "Ilkhomi, Jaloliddin"]
[Black "Baches Garcia, Guillermo"]
[WhiteFideId "14700948"]
[BlackFideId "2209764"]
[WhiteElo "2697"]
[BlackElo "2540"]
[Result "1-0"]
[Round "6"]
[TimeControl "180+1"]
[Date "2023.11.14"]
[WhiteClock "0:00:03"]
[BlackClock "0:00:00"]
[Board "69"]

1. Nf3 d5 2. d4 Nf6 3. Bf4 e6 4. e3 Bd6 5. Bg3 O-O 6. Nbd2 c5 7. c3 Qc7 8. Ne5 Nfd7 9. f4 f6 10. Nxd7 Nxd7 11. Bd3 f5 12. O-O Rb8 13. Nf3 b5 14. Ne5 Nxe5 15. fxe5 Be7 16. Qh5 b4 17. Rac1 bxc3 18. bxc3 Rb2 19. c4 Bb7 20. Rf2 Rxf2 21. Bxf2 Qc6 22. Qf3 Qa4 23. Qe2 Rc8 24. cxd5 Bxd5 25. e4 fxe4 26. Bxe4 Qa3 27. Rc2 c4 28. Qg4 Rf8 29. Bxd5 exd5 30. Qe6+ Rf7 31. Qxd5 Qd3 32. Rc1 c3 33. Rf1 c2 34. Qa8+ Bf8 35. Qc6 Qd1 36. e6 Rxf2 37. Kxf2 Qxd4+ 38. Ke2 Qe5+ 39. Kd3 1-0


[Site "https://www.chess.com"]

[Event "Titled Tuesday Blitz November 14 Early 2023"]
[White "vishwa_vijeta"]
[Black "Akhmedinov, Satbek"]
[BlackFideId "13714287"]
[WhiteElo "2536"]
[BlackElo "2682"]
[Result "0-1"]
[Round "6"]
[TimeControl "180+1"]
[Date "2023.11.14"]
[WhiteClock "0:01:34"]
[BlackClock "0:02:38"]
[Board "70"]

1. e4 c5 2. Nf3 Nc6 3. d4 cxd4 4. Nxd4 Nf6 5. Nc3 e5 6. Ndb5 d6 7. Bg5 a6 8. Na3 b5 9. Bxf6 gxf6 10. Nd5 f5 11. exf5 Bxf5 12. Qf3 Nd4 13. Nc7+ Qxc7 14. Qxa8+ Ke7 15. c3 b4 16. cxd4 bxa3 17. dxe5 axb2 18. exd6+ Kf6 19. Rd1 Qc3+ 20. Ke2 Qc2+ 21. Rd2 Qxd2+ 22. Kxd2 Bh6+ 0-1


[Site "https://www.chess.com"]

[Event "Titled Tuesday Blitz November 14 Early 2023"]
[White "Mladenovic, Stefan"]
[Black "Molenda, Marcin"]
[WhiteFideId "942227"]
[BlackFideId "1173065"]
[WhiteElo "2682"]
[BlackElo "2532"]
[Result "1-0"]
[Round "6"]
[TimeControl "180+1"]
[Date "2023.11.14"]
[WhiteClock "0:00:38"]
[BlackClock "0:00:00"]
[Board "71"]

1. d4 d5 2. c4 c6 3. Nf3 Nf6 4. e3 e6 5. b3 Ne4 6. Bd3 Bb4+ 7. Nbd2 f5 8. O-O Qf6 9. Ne5 Nd7 10. Nxd7 Bxd7 11. f3 Nxd2 12. Bxd2 Bxd2 13. Qxd2 O-O 14. Bc2 Rad8 15. e4 dxc4 16. bxc4 e5 17. d5 c5 18. Rab1 b6 19. a4 f4 20. a5 Rb8 21. axb6 axb6 22. Qc3 Ra8 23. Rb2 Ra6 24. Rfb1 Rfa8 25. Rb3 h5 26. Qb2 Ra2 27. Qc3 R8a6 28. R3b2 R2a3 29. Rb3 R3a5 30. Rxb6 Rxb6 31. Qxa5 Rxb1+ 32. Bxb1 Qd6 33. Qd8+ Kh7 34. Bc2 Qa6 35. Qxd7 Qa1+ 36. Kf2 1-0


[Site "https://www.chess.com"]

[Event "Titled Tuesday Blitz November 14 Early 2023"]
[White "Skliarov, Viktor"]
[Black "Tifferet, Shaked"]
[WhiteFideId "14106736"]
[BlackFideId "2811529"]
[WhiteElo "2669"]
[BlackElo "2531"]
[Result "1-0"]
[Round "6"]
[TimeControl "180+1"]
[Date "2023.11.14"]
[WhiteClock "0:00:14"]
[BlackClock "0:00:09"]
[Board "72"]

1. e4 c5 2. Nf3 a6 3. c3 e6 4. d4 d5 5. e5 Bd7 6. Bd3 Nc6 7. a3 Rc8 8. O-O cxd4 9. cxd4 Nge7 10. Nc3 Ng6 11. g3 Qb6 12. Na4 Qa7 13. Be3 Be7 14. h4 f5 15. exf6 gxf6 16. h5 Nf8 17. Rc1 Bd6 18. Nc5 Qb8 19. Kh2 Rg8 20. Rg1 f5 21. Qd2 Kd8 22. Bg5+ Ke8 23. Rge1 Nxd4 24. Nxd4 Rxc5 25. Rxc5 Bxc5 26. Nxf5 Bxf2 27. Qb4 Bxg3+ 28. Kh1 Rg7 29. Nxg7+ Kf7 30. Rf1+ Kxg7 31. Qe7+ Kg8 32. Rxf8+ Qxf8 33. Qxh7# 1-0


[Site "https://www.chess.com"]

[Event "Titled Tuesday Blitz November 14 Early 2023"]
[White "Manukian, Artak"]
[Black "Ovetchkin, Roman"]
[WhiteFideId "13301373"]
[BlackFideId "4119991"]
[WhiteElo "2530"]
[BlackElo "2665"]
[Result "0-1"]
[Round "6"]
[TimeControl "180+1"]
[Date "2023.11.14"]
[WhiteClock "0:00:06"]
[BlackClock "0:00:28"]
[Board "73"]

1. e4 c6 2. d4 d5 3. e5 Bf5 4. c4 e6 5. Nc3 Ne7 6. Nf3 Nd7 7. Nh4 dxc4 8. Bxc4 Nb6 9. Bb3 h6 10. Nxf5 Nxf5 11. Be3 Qh4 12. O-O O-O-O 13. g3 Qe7 14. a4 a5 15. Rc1 Kb8 16. Ne4 Qb4 17. Bd2 Qxd4 18. Bxa5 Ka7 19. Bc3 Qxd1 20. Rfxd1 Rxd1+ 21. Rxd1 Nd5 22. Bxd5 exd5 23. Nd6 Bxd6 24. exd6 f6 25. Bb4 Rd8 26. a5 Nxd6 27. Bc5+ Ka6 28. b4 Ne4 29. Bd4 Kb5 30. f3 Nd6 31. Bc5 Nc4 32. Re1 d4 33. Rd1 d3 34. Kf2 Nxa5 35. Be7 Rd7 36. bxa5 Rxe7 37. Rxd3 Kxa5 38. h4 b5 39. Rd8 c5 40. g4 c4 41. Rb8 c3 42. h5 b4 0-1


[Site "https://www.chess.com"]

[Event "Titled Tuesday Blitz November 14 Early 2023"]
[White "Novik, Maxim"]
[Black "Golubev, Mikhail"]
[WhiteFideId "4102924"]
[BlackFideId "14100983"]
[WhiteElo "2529"]
[BlackElo "2664"]
[Result "1-0"]
[Round "6"]
[TimeControl "180+1"]
[Date "2023.11.14"]
[WhiteClock "0:00:41"]
[BlackClock "0:00:01"]
[Board "74"]

1. e4 c5 2. c3 Nf6 3. e5 Nd5 4. d4 cxd4 5. cxd4 d6 6. Nf3 Nc6 7. Bc4 Nb6 8. Bb5 Bd7 9. Nc3 dxe5 10. dxe5 g6 11. O-O Bg7 12. Re1 O-O 13. Bf4 a6 14. Bf1 Bg4 15. h3 Qxd1 16. Raxd1 Bxf3 17. gxf3 Rad8 18. Be3 Na8 19. f4 Rxd1 20. Rxd1 Rd8 21. Rxd8+ Nxd8 22. Bg2 e6 23. Na4 Bf8 24. Nc5 Bxc5 25. Bxc5 Nc6 26. Kf1 Nc7 27. Ke2 Nd5 28. Be3 Kf8 29. a3 Ke7 30. Kd3 Kd7 31. Kc4 Nxe3+ 32. fxe3 Kc7 33. h4 Ne7 34. Be4 h5 35. a4 b6 36. b4 Nf5 37. Bxf5 gxf5 38. b5 a5 39. e4 fxe4 40. Kd4 Kd7 41. Kxe4 Ke7 42. f5 Kf8 43. Kf4 exf5 44. Kxf5 Ke7 45. Kg5 Ke6 46. Kxh5 Kf5 47. Kh6 Kxe5 48. Kg7 f5 49. h5 f4 50. h6 f3 51. h7 f2 52. h8=Q f1=Q 53. Qb8+ Kd5 54. Qxb6 Qg2+ 55. Kf7 Qf3+ 56. Ke7 Qe4+ 57. Kd7 Qxa4 58. Qc6+ Kd4 59. b6 Qb3 60. b7 a4 61. Qd6+ Ke4 62. b8=Q Qf7+ 63. Qe7+ 1-0


[Site "https://www.chess.com"]

[Event "Titled Tuesday Blitz November 14 Early 2023"]
[White "Skvortsov, Andrei"]
[Black "TimGrutter03"]
[WhiteFideId "24108600"]
[WhiteElo "2663"]
[BlackElo "2527"]
[Result "1-0"]
[Round "6"]
[TimeControl "180+1"]
[Date "2023.11.14"]
[WhiteClock "0:01:46"]
[BlackClock "0:00:05"]
[Board "75"]

1. e4 g6 2. f4 Bg7 3. Nf3 d6 4. d4 Bg4 5. c3 c5 6. dxc5 dxc5 7. Qxd8+ Kxd8 8. Ng5 Ke8 9. h3 Bd7 10. Be3 h6 11. Nf3 b6 12. Bc4 Bc6 13. Nbd2 Nd7 14. e5 e6 15. a4 Ne7 16. O-O Nd5 17. Rae1 Nxe3 18. Rxe3 Bxa4 19. Ne4 Bf8 20. Rd3 Bc6 21. Nd6+ Bxd6 22. Rxd6 Be4 23. Bb5 Rd8 24. Rfd1 Bd5 25. c4 a6 26. Bxd7+ Rxd7 27. Rxd7 Kxd7 28. cxd5 exd5 29. Rxd5+ Kc7 30. Kf2 Kc6 31. Rd6+ Kb5 32. Rd7 Rf8 33. Nd2 Kb4 34. Rd6 Rb8 35. Ke3 a5 36. Rd7 Rf8 37. g4 b5 38. Rb7 c4 39. Ne4 Rd8 40. Nd6 f6 41. Rxb5+ Ka4 42. Rb7 1-0


[Site "https://www.chess.com"]

[Event "Titled Tuesday Blitz November 14 Early 2023"]
[White "Pinto, Daniel"]
[Black "Raahul V S"]
[WhiteFideId "3303144"]
[BlackFideId "25035525"]
[WhiteElo "2525"]
[BlackElo "2662"]
[Result "0-1"]
[Round "6"]
[TimeControl "180+1"]
[Date "2023.11.14"]
[WhiteClock "0:00:00"]
[BlackClock "0:00:58"]
[Board "76"]

1. e4 e5 2. Nf3 Nc6 3. Bb5 g6 4. O-O Bg7 5. Re1 a6 6. Bc4 Nf6 7. Nc3 O-O 8. a4 d6 9. h3 Nh5 10. Nd5 Be6 11. d3 h6 12. g4 Nf6 13. Nxf6+ Qxf6 14. g5 Qe7 15. gxh6 Bf6 16. Kg2 Kh7 17. Bxe6 Qxe6 18. Ng5+ Bxg5 19. Bxg5 f5 20. f3 fxe4 21. fxe4 Nd4 22. Rf1 Rxf1 23. Qxf1 Qg8 24. c3 Rf8 25. Qxf8 Qxf8 26. cxd4 exd4 27. Rc1 c5 28. Rf1 Qg8 29. h4 Qb3 0-1


[Site "https://www.chess.com"]

[Event "Titled Tuesday Blitz November 14 Early 2023"]
[White "Yen, William"]
[Black "Toktomushev, Teimur"]
[WhiteFideId "30932025"]
[BlackFideId "14176726"]
[WhiteElo "2661"]
[BlackElo "2523"]
[Result "0-1"]
[Round "6"]
[TimeControl "180+1"]
[Date "2023.11.14"]
[WhiteClock "0:01:23"]
[BlackClock "0:00:02"]
[Board "77"]

1. e4 c5 2. Nf3 e6 3. d4 cxd4 4. Nxd4 a6 5. Nc3 b5 6. Bd3 Bb7 7. O-O Nc6 8. Nxc6 Bxc6 9. Qe2 Qb8 10. f4 Nf6 11. a3 b4 12. axb4 Bxb4 13. e5 Nd5 14. Ne4 f5 15. exf6 Nxf6 16. Nxf6+ gxf6 17. Qh5+ Ke7 18. f5 Qb6+ 19. Kh1 Rag8 20. Rg1 Qf2 21. Qh3 Bxg2+ 22. Qxg2 Rxg2 23. Rxg2 Qe1+ 24. Rg1 Qe5 25. fxe6 Qd5+ 26. Rg2 Rg8 27. Bf1 Rxg2 28. Bxg2 Qd1+ 0-1


[Site "https://www.chess.com"]

[Event "Titled Tuesday Blitz November 14 Early 2023"]
[White "Jovic, Stanoje"]
[Black "Arhan_Anand"]
[WhiteFideId "905020"]
[WhiteElo "2517"]
[BlackElo "2660"]
[Result "1/2-1/2"]
[Round "6"]
[TimeControl "180+1"]
[Date "2023.11.14"]
[WhiteClock "0:01:08"]
[BlackClock "0:01:45"]
[Board "78"]

1. c4 g6 2. g3 Bg7 3. Bg2 e5 4. Nc3 c6 5. Nf3 Ne7 6. h4 d5 7. cxd5 cxd5 8. h5 e4 9. Ng1 O-O 10. hxg6 fxg6 11. d3 Qb6 12. e3 Be6 13. Qb3 Qa6 14. Nge2 d4 15. Qb4 dxc3 16. Qxe7 cxb2 17. Bxb2 Rf7 18. Qe8+ Rf8 19. Qe7 Rf7 20. Qe8+ Rf8 21. Qe7 1/2-1/2


[Site "https://www.chess.com"]

[Event "Titled Tuesday Blitz November 14 Early 2023"]
[White "Bao, Qilin"]
[Black "Dudzinski, Pawel"]
[WhiteFideId "8605750"]
[BlackFideId "1117890"]
[WhiteElo "2652"]
[BlackElo "2508"]
[Result "1-0"]
[Round "6"]
[TimeControl "180+1"]
[Date "2023.11.14"]
[WhiteClock "0:00:51"]
[BlackClock "0:00:00"]
[Board "79"]

1. d4 Nf6 2. Bf4 e6 3. e3 d5 4. Bd3 c5 5. c3 Nc6 6. Nd2 Bd6 7. Ngf3 Bxf4 8. exf4 cxd4 9. cxd4 Qb6 10. Nb3 Bd7 11. O-O Nb4 12. Re1 Ba4 13. Qd2 Bxb3 14. axb3 Nxd3 15. Qxd3 O-O 16. Ne5 Rfc8 17. f5 Ne4 18. fxe6 Qxe6 19. f3 Nd6 20. Nc6 Rxc6 21. Rxe6 fxe6 22. h4 a6 23. h5 Rf8 24. Re1 Rf6 25. g4 h6 26. Kg2 Nb5 27. Kg3 Nd6 28. Re2 Nb5 29. f4 Nd6 30. g5 hxg5 31. fxg5 Ne4+ 32. Rxe4 dxe4 33. Qxe4 Rf5 34. Kg4 Kf7 35. h6 gxh6 36. gxh6 Kg8 37. d5 Re5 38. Qxe5 1-0


[Site "https://www.chess.com"]